 Dungeon Crawl Stone Soup version 0.30-a0-1102-g2dbb833546 (webtiles) character file.

Game seed: 11775761323988922658

3637 Ijustatesigmund the Thaumaturge (level 9, -6/45 HPs)
             Began as a Deep Elf Conjurer on Apr 18, 2023.
             Mangled by an ogre
             ... wielding a +0 giant club
              (8 damage)
             ... on level 7 of the Dungeon.
             The game lasted 00:18:17 (10325 turns).

Ijustatesigmund the Thaumaturge (DECj)             Turns: 10325, Time: 00:18:17

Health: -6/45      AC:  5    Str:  4 (7)  XL:     9   Next: 87%
Magic:  17/24      EV: 12    Int: 22 (31) God:
Gold:   133        SH:  0    Dex: 13      Spells: 18/27 levels left

rFire   . . .      SeeInvis .    E - +11 longbow "Oluvexta" {speed, rN+ Str+3}
rCold   + . .      Faith    .    (shield currently unavailable)
rNeg    + . .      Spirit   .    a - +0 robe
rPois   .          Reflect  .    x - +1 hat {Int+3}
rElec   .          Rampage  .    h - +0 cloak
rCorr   .                        r - +0 pair of gloves
Will    +....                    (no boots)
Stlth   ++                       (no amulet)
HPRegen 0.27/turn                c - ring of willpower
MPRegen 0.19/turn                m - ring of protection from cold

@: slowed, very slow
A: no striking features
a: no special abilities


You were on level 7 of the Dungeon.
You visited 2 branches of the dungeon, and saw 8 of its levels.

You collected 478 gold pieces.
You spent 345 gold pieces at shops.

Inventory:

Hand Weapons
 d - a +4 quarterstaff of chaos
 e - a +2 sling of freezing
 g - a +2 short sword of freezing
 A - a +0 shortbow
 E - the +11 longbow "Oluvexta" (weapon) {speed, rN+ Str+3}
   (You bought it in a shop on level 6 of the Dungeon)

   Str:       It affects your strength (+3).
   rN:        It protects you from negative energy.
Armour
 a - a +0 robe (worn)
 h - a +0 cloak (worn)
 r - a +0 pair of gloves (worn)
 x - a +1 hat of intelligence (worn)
Magical Staves
 u - a staff of earth
Jewellery
 c - a ring of willpower (left hand)
 m - a ring of protection from cold (right hand)
Wands
 p - a wand of polymorph (11)
 w - a wand of flame (2)
Scrolls
 j - 2 scrolls of amnesia {unknown}
 l - 3 scrolls of enchant armour {unknown}
 n - 6 scrolls of teleportation {unknown}
 s - 6 scrolls of identify
 v - a scroll of enchant weapon {unknown}
 y - a scroll of silence {unknown}
 B - a scroll of brand weapon {unknown}
 D - 2 scrolls of torment {unknown}
 G - a scroll of vulnerability {unknown}
 H - a scroll of summoning
Potions
 b - a potion of magic
 f - a potion of might
 i - 2 potions of brilliance
 k - 2 potions of mutation
 o - 4 potions of lignification
 q - 4 potions of attraction
 t - 3 potions of haste
 z - 2 potions of ambrosia
 C - 2 potions of resistance
 F - a potion of invisibility


   Skills:
 + Level 5.6 Ranged Weapons
 - Level 2.4 Dodging
 - Level 2.4 Stealth
 + Level 9.8 Spellcasting
 + Level 9.0 Conjurations
 + Level 7.4 Translocations
 + Level 6.1 Invocations


You had 18 spell levels left.
You knew the following spells:

 Your Spells              Type           Power      Damage    Failure   Level
a - Magic Dart            Conj           100%       1d8       1%          1
b - Searing Ray           Conj           100%       2d8       1%          2
c - Blink                 Tloc           86%        N/A       1%          2
d - Iskenderun's Mystic   Conj/Tloc      47%        2d10      1%          4

Your spell library contained the following spells:

 Spells                   Type           Power      Damage    Failure   Level
 Lesser Beckoning         Tloc           86%        N/A       1%          2
 Momentum Strike          Conj/Tloc      94%        3d10      1%          2
 Dazzling Flash           Conj/Hex       60%        N/A       3%          3
 Mephitic Cloud           Conj/Pois/Air  24%        N/A       5%          3
 Poisonous Vapours        Pois/Air       20%        N/A       10%         2
 Fulminant Prism          Conj/Hex       15%        3d10      10%         4
 Freezing Cloud           Conj/Ice/Air   12%        6-21      45%         5


Dungeon Overview and Level Annotations

Branches:
Dungeon (7/15)             Temple (1/1) D:4

Altars:
Cheibriados
Elyvilon
Gozag
Kikubaaqudgha
Nemelex Xobeh
Qazlal
Vehumet
The Shining One

Shops:
D:1 [   D:6 (


Message History

You kill the steam dragon!
You feel your dexterity returning.
Your Conjurations skill increases to level 9!
You start waiting.
Done waiting.
You start waiting.
Done waiting.
z - 2 potions of ambrosia (gained 1) Time shudders.
You feel dopey.
You see here a steam dragon skeleton.
Time shudders.
You feel dopey.
You see here a hound skeleton.
You see here a steam dragon skeleton.
Items here: )) [[.
Found a leather armour.
An ogre comes into view. It is wielding a +0 giant club.
The ogre shouts!
You lose track of time.
You fall asleep.
You feel the world leave you behind!
You feel yourself slow down.
You wake up.
Casting: Iskenderun's Mystic Blast (dangerous; 1% risk of failure)
Confirm with . or Enter, or press ? or * to list all spells.
You erupt in a blast of force!
The mystic blast hits the ogre!
The ogre is severely wounded.
The ogre hits you with a +0 giant club!!
Ouch! That really hurt!
The ogre hits you with a +0 giant club!
* * * LOW HITPOINT WARNING * * *
Okay, then.
Casting: Iskenderun's Mystic Blast (dangerous; 1% risk of failure)
Confirm with . or Enter, or press ? or * to list all spells.
You erupt in a blast of force!
The mystic blast hits the ogre!
The ogre is almost dead.
The ogre is knocked back by the mystic blast.
The ogre hits you with a +0 giant club!
You die...

....###.....##
##.#.....#.#
.....#.......#
#.#....>#<#
.)...#.......#
#.#.....#.#
.....#...(...#
#..#......#
....###.....##
###.#....# ...##
##...## ##........#
####
#############.........#
..............#######
[..###.@#######
........O# ...#####...
. ..... ....... .......
....... .......


You could see an ogre.

Vanquished Creatures
  2 trolls (D:6)
  A steam dragon (D:7)
  4 black bears
  2 ice beasts (D:6)
  2 sky beasts
  2 ogres (D:5)
  A centaur (D:6)
  2 phantoms (D:5)
  2 bullfrogs
  A kobold brigand (D:6)
  2 scorpions (D:6)
  3 wights (D:7)
  6 killer bees (D:7)
  2 howler monkeys
  5 jellies
  Crazy Yiuf (D:2)
  An orc priest (D:7)
  5 hounds
  4 sleepcaps
  3 iguanas
  7 orc wizards
  Robin (D:4)
  8 gnolls (D:5)
  10 adders
  A shadow imp (D:7)
  A white imp (D:7)
  2 worms
  2 dart slugs
  35 orcs
  9 endoplasms
  2 giant cockroaches
  24 goblins
  11 hobgoblins
  20 jackals
  12 quokkas
  11 ball pythons
  4 bats
  8 frilled lizards
  14 kobolds
  2 rats (D:1)
235 creatures vanquished.

Vanquished Creatures (others)
  12 plants (D:1)
12 creatures vanquished.

Grand Total: 247 creatures vanquished

Notes
Turn   | Place    | Note
-------+----------+-------------------------------------------
     0 | D:1      | Ijustatesigmund the Deep Elf Conjurer began the quest for
                  | the Orb.
     0 | D:1      | Reached XP level 1. HP: 10/10 MP: 6/6
   178 | D:1      | Reached XP level 2. HP: 15/15 MP: 4/8
   181 | D:1      | Learned a level 2 spell: Searing Ray
   607 | D:1      | Found Ucwishrar's Antique Armour Shoppe.
   764 | D:1      | Reached XP level 3. HP: 19/19 MP: 7/10
   766 | D:1      | Reached skill level 5 in Conjurations
  1106 | D:1      | Learned a level 2 spell: Blink
  1359 | D:2      | Reached skill level 1 in Ranged Weapons
  1506 | D:2      | Reached XP level 4. HP: 24/24 MP: 8/12
  1550 | D:2      | Reached skill level 1 in Translocations
  1938 | D:2      | Found a runed translucent door.
  1939 | D:2      | Noticed Crazy Yiuf
  1945 | D:2      | Killed Crazy Yiuf
  2025 | D:2      | Learned a level 4 spell: Iskenderun's Mystic Blast
  2426 | D:3      | Reached XP level 5. HP: 28/28 MP: 14/14
  2772 | D:3      | Reached skill level 5 in Spellcasting
  3950 | D:4      | Reached XP level 6. HP: 18/32 MP: 11/16
  4022 | D:4      | Identified the +4 short sword "Beetlebane" {pain, Str+3
                  | Dex-2}
  4451 | D:4      | Noticed Robin
  4462 | D:4      | Killed Robin
  4989 | D:4      | Found a staircase to the Ecumenical Temple.
  5313 | D:4      | Reached XP level 7. HP: 22/36 MP: 13/18
  5404 | Temple   | Entered the Ecumenical Temple
  5440 | Temple   | Became a worshipper of Cheibriados the Contemplative
  5484 | D:5      | Entered Level 5 of the Dungeon
  5599 | D:5      | Reached skill level 1 in Invocations
  5995 | D:5      | Reached * piety under Cheibriados
  6553 | D:5      | Reached XP level 8. HP: 39/41 MP: 7/21
  6845 | D:5      | Reached skill level 5 in Translocations
  7713 | D:6      | Reached ** piety under Cheibriados
  8252 | D:6      | Found Xacotep's Antique Weapon Shop.
  8300 | D:6      | Bought a smouldering longbow for 345 gold pieces
  8300 | D:6      | Identified the +11 longbow "Oluvexta" {speed, rN+ Str+3}
                  | (You bought it in a shop on level 6 of the Dungeon)
  8300 | D:6      | Fell from the grace of Cheibriados
  8591 | D:6      | Reached XP level 9. HP: 38/45 MP: 18/23
  9401 | D:6      | Noticed a troll
  9408 | D:6      | Killed a troll
  9409 | D:6      | Reached skill level 5 in Invocations
  9491 | D:6      | Noticed a troll
  9496 | D:6      | Killed a troll
  9827 | D:7      | Reached skill level 5 in Ranged Weapons
 10323 | D:7      | HP: 2/45 [ogre/+0 giant club (14)]
 10325 | D:7      | Mangled by an ogre

Illustrated notes

Levels and vault maps discovered:
D:1:      scummos_arrival_simple_fountains, layout_basic, serial_shops, shop,
          hangedman_feature_mirror, lexackson_kobold_supper
D:2:      layout_loops_corners, uniq_crazy_yiuf_cottage
D:3:      layout_loops_corners, st_stairs_9
D:4:      kennysheep_goblin_castle, layout_loops_ring, minmay_temple_entry_mist,
          chequers_arboretum, minmay_goblin_outpost
D:5:      layout_cave_pods, corexii_leaking_fountain
D:6:      layout_layer_cave, serial_shops, shop, minmay_three_doors
D:7:      kennysheep_six_static_rooms, layout_rooms
Temple:   nicolae_temple_ecumenical_triangle

Skill      XL: |  1  2  3  4  5  6  7  8  9 |
---------------+----------------------------+-----
Spellcasting   | 4 5 6 7 8 9 |  9.8
Conjurations   | 5 6 7 8 9 |  9.0
Ranged Weapons | 1 2 3 5 |  5.6
Translocations | 1 2 3 4 6 7 |  7.4
Invocations    | 2 4 6 |  6.1
Dodging        | |  2.4
Stealth        | |  2.4

Action                     |  1- 3 |  4- 6 |  7- 9 || total
---------------------------+-------+-------+-------++-------
   Fire: Sling             |    22 |   176 |    49 ||   247
         Shortbow          |       |       |    66 ||    66
         Longbow           |       |       |    69 ||    69
   Cast: Magic Dart        |    34 |    19 |    12 ||    65
         Searing Ray       |     5 |    31 |    16 ||    52
         Iskenderun's Myst |       |     4 |    38 ||    42
 Invoke: Renounce Religion |       |       |     1 ||     1
    Use: Scroll            |     3 |     4 |     2 ||     9
 Armour: Robe              |       |    17 |    17 ||    34
  Dodge: Dodged            |     4 |    58 |    34 ||    96

Table legend: (Time is in decaauts)
 A = Elapsed time spent in this place.
 B = Non-inter-level travel time spent in this place.
 C = Inter-level travel time spent in this place.
 D = Time resting spent in this place.
 E = Time spent auto-exploring this place.
 F = Levels seen in this place.
 G = Mean time per level.
                   A        B        C        D        E       F      G
               +--------+--------+--------+--------+--------+-----+--------+
         Total |  11507 |  11239 |    268 |   2819 |   7198 |   8 | 1438.4 |
       Dungeon |  11454 |  11203 |    251 |   2819 |   7180 |   7 | 1636.3 |
        Temple |     53 |     36 |     17 |      0 |     18 |   1 |   53.0 |
               +--------+--------+--------+--------+--------+-----+--------+

Top non-repeatable levels by time:
     D:6: 3174 daAuts
     D:5: 1959 daAuts
     D:4: 1689 daAuts
     D:3: 1377 daAuts
     D:2: 1318 daAuts
     D:1: 1117 daAuts
     D:7: 819 daAuts
  Temple: 53 daAuts
